Map: Alcyone LE

Players

Mixu - Winner!

  • Race: Zerg Zerg
  • Spawn Location: 1:00

Zain

  • Race: Protoss Protoss
  • Spawn Location: 7:00

Event: ESL Spring 2024 Finals

VOD

Have the link to the VOD?

Description

Time

  • Played on: May 31, 2024, 12:46 p.m.
  • Length: 9:31

All games in this series

Show
View Real Time Build Order
Export as new Build Order

Mixu Zerg - Winner!

Build Orders: Hatch First 

Get SALT Encoding   

  12  0:00  Drone  
  13  0:12  Overlord  
  13  0:17  Drone  
  14  0:30  Drone x2  
  16  0:49  Hatchery  
  15  0:51  Drone  
  15  0:56  Drone  
  17  0:59  Drone  
  18  1:10  Extractor  
  17  1:15  Spawning Pool  
  17  1:18  Drone  
  17  1:22  Drone  
  18  1:29  Drone  
  19  1:38  Drone  
  20  1:50  Overlord  
  20  2:02  Queen  
  20  2:03  Zergling x2  
  20  2:04  Queen  
  20  2:07  Drone  
  26  2:11  Drone  
  27  2:16  Metabolic Boost  
  27  2:20  Drone  
  28  2:23  Drone  
  28  2:25  Drone  
  30  2:43  Hatchery  
  29  2:45  Drone  
  29  2:47  Drone  
  29  2:48  Zergling x2  
  32  2:54  Overlord  
  32  2:58  Queen  
  34  3:04  Drone  
  34  3:05  Zergling x2  
  36  3:12  Zergling x2  
  37  3:16  Zergling x2  
  37  3:17  Queen  
  37  3:18  Spore Crawler  
  38  3:20  Spore Crawler  
  38  3:21  Overlord  
  38  3:23  Drone  
  38  3:26  Drone  
  41  3:31  Drone x2  
  42  3:36  Queen  
  43  3:44  Overlord  
  43  3:46  Drone  
  44  3:51  Spore Crawler  
  44  3:52  Drone  
  44  3:55  Drone x4  
  48  3:58  Drone x2  
  50  4:08  Drone x2  
  51  4:10  Drone  
  51  4:11  Overlord  
  51  4:13  Drone x2  
  53  4:20  Drone, Queen  
  53  4:21  Overlord  
  56  4:25  Drone x2  
  58  4:32  Drone x4  
  58  4:36  Overlord  
  58  4:37  Drone  
  62  4:38  Drone  
  62  4:45  Roach Warren  
  62  4:48  Drone x3, Overlord  
  62  4:52  Zergling x6  
  68  5:01  Overlord  
  68  5:02  Overlord, Extractor  
  67  5:07  Drone x4  
  67  5:12  Drone x3  
  67  5:14  Drone x2  
  75  5:18  Drone x4  
  75  5:21  Hatchery  
  78  5:24  Overlord  
  78  5:28  Zergling x8  
  78  5:30  Evolution Chamber  
  78  5:31  Zergling x2  
  81  5:39  Zergling x8  
  81  5:41  Zergling x2  
  86  5:46  Spine Crawler  
  86  5:47  Overlord x2  
  86  5:48  Roach x2  
  89  5:51  Roach  
  89  5:56  Roach x2  
  95  5:59  Roach x3  
  95  6:02  Zerg Melee Weapons Level 1  
  101  6:08  Roach x4  
  109  6:11  Zergling x2, Roach  
  109  6:12  Zergling x2  
  109  6:13  Zergling x4  
  109  6:17  Extractor  
  114  6:18  Zergling x4  
  114  6:21  Roach  
  114  6:26  Zergling x6  
  114  6:30  Queen  
  114  6:32  Roach x3  
  125  6:37  Queen, Overlord  
  128  6:40  Zergling x8  
  128  6:42  Zergling x8  
  135  6:50  Zergling x2  
  135  6:51  Overlord  
  135  6:52  Overlord x2  
  136  6:58  Zergling x10  
  136  7:03  Zergling x2  
  136  7:06  Overlord  
  136  7:07  Roach  
  137  7:09  Roach x3  
  137  7:13  Zergling x4  
  142  7:16  Ravager  
  142  7:17  Roach x3  
  142  7:19  Roach x2  
  142  7:22  Roach x2  
  154  7:24  Zergling x6  
  154  7:30  Roach x2  
  154  7:33  Roach  
  161  7:37  Roach x3  
  161  7:39  Zergling x2  
  161  7:40  Zergling x6  
  167  7:45  Overlord x3  
  166  7:59  Zergling x4  
  166  8:01  Overlord  
  166  8:02  Overlord  
  166  8:05  Zergling x24  
  174  8:07  Lair  
  174  8:08  Drone x2  
  173  8:14  Zergling x10  
  173  8:15  Ravager x2  
  173  8:17  Hatchery  
  173  8:18  Zergling x4  
  181  8:23  Ravager  
  181  8:24  Zergling x6  
  185  8:29  Zergling x6  
  185  8:32  Ravager, Roach  
  191  8:37  Zergling x6  
  192  8:41  Zergling x16  
  192  8:47  Zergling x2  
  198  8:57  Zergling x8  
  198  8:59  Roach x3  
  190  9:04  Roach x6  
  193  9:10  Roach x4  
Show
View Real Time Build Order
Export as new Build Order

Zain Protoss 

Build Orders: 1 Gate Expand, Oracle Opening 

Get SALT Encoding   

  12  0:00  Probe  
  13  0:12  Probe  
  14  0:20  Pylon  
  14  0:24  Probe  
  15  0:38  Probe (Chrono Boost)  
  15  0:40  Gateway  
  16  0:48  Probe (Chrono Boost)  
  17  0:51  Assimilator  
  17  0:53  Probe (Chrono Boost)  
  18  1:04  Probe  
  19  1:16  Probe  
  20  1:28  Nexus  
  20  1:35  Cybernetics Core  
  20  1:38  Probe  
  21  1:45  Assimilator  
  21  1:50  Probe  
  21  1:52  Pylon  
  22  2:02  Probe  
  23  2:08  Adept (Chrono Boost)  
  23  2:14  Probe  
  26  2:26  Stargate  
  26  2:30  Adept (Chrono Boost)  
  28  2:38  Probe  
  28  2:42  Probe  
  28  2:43  Warp Gate  
  30  2:50  Probe  
  31  2:51  Stalker  
  31  2:54  Probe  
  34  3:02  Probe  
  34  3:05  Pylon  
  35  3:06  Probe  
  36  3:13  Oracle (Chrono Boost)  
  36  3:14  Probe  
  36  3:18  Probe  
  41  3:27  Probe  
  42  3:30  Probe  
  43  3:39  Probe  
  43  3:41  Gateway  
  44  3:42  Probe  
  44  3:51  Probe  
  44  3:54  Nexus  
  44  3:55  Probe  
  46  3:57  Pylon  
  46  4:00  Twilight Council  
  46  4:03  Probe  
  46  4:07  Probe  
  48  4:11  Oracle  
  48  4:15  Probe  
  52  4:17  Assimilator  
  52  4:19  Shield Battery, Probe  
  53  4:27  Probe  
  53  4:29  Blink (Chrono Boost)  
  54  4:33  Stalker  
  54  4:35  Probe  
  57  4:40  Probe  
  57  4:41  Assimilator  
  58  4:45  Stalker  
  58  4:47  Probe  
  58  4:48  Pylon  
  58  4:52  Probe  
  62  5:05  Stalker, Probe x2  
  66  5:08  Gateway  
  66  5:10  Probe  
  66  5:11  Gateway  
  67  5:15  Stalker  
  67  5:17  Probe x2  
  71  5:23  Probe  
  72  5:29  Probe x2  
  74  5:39  Pylon  
  74  5:41  Stalker x2  
  78  5:43  Probe  
  78  5:47  Gateway, Pylon  
  78  5:48  Pylon  
  79  5:56  Probe  
  81  5:57  Probe x2  
  81  6:04  Gateway  
  80  6:05  Stalker x4  
  88  6:14  Probe  
  87  6:28  Stalker x4  
  95  6:33  Probe  
  95  6:34  Probe  
  95  6:35  Probe  
  95  6:36  Charge (Chrono Boost)  
  95  6:39  Forge  
  98  6:41  Pylon  
  98  6:42  Stalker  
  98  6:45  Probe  
  100  6:54  Stalker x4  
  108  7:07  Pylon  
  106  7:08  Protoss Ground Weapons Level 1 (Chrono Boost)  
  106  7:09  Pylon  
  106  7:11  Pylon  
  106  7:13  Nexus  
  106  7:15  Pylon  
  106  7:16  Robotics Facility  
  100  7:26  Stalker x5  
  100  7:28  Probe  
  100  7:29  Probe  
  111  7:42  Probe  
  112  7:51  Stalker x5  
  122  7:53  Probe x2  
  122  7:54  Probe  
  126  8:05  Probe  
  126  8:06  Probe x2  
  126  8:07  Robotics Bay  
  126  8:12  Photon Cannon  
  128  8:14  Shield Battery  
  128  8:15  Pylon  
  128  8:16  Stalker x4  
  128  8:17  Probe  
  128  8:18  Probe x2  
  139  8:20  Observer  
  139  8:24  Photon Cannon  
  140  8:29  Stalker, Probe  
  140  8:33  Photon Cannon  
  143  8:40  Zealot  
  145  8:42  Zealot x3  
  148  8:51  Gateway  
  148  8:54  Gateway  
  124  8:59  Zealot  
  110  9:04  Zealot x2  
  68  9:26  Stalker x2  
Tags
 
Add a new tag
Caveats
  • Supply blocks, unpowered buildings, or Contaminate may cause inaccurate times.
  • Supply counts are checked every 10 seconds.